 Dungeon Crawl Stone Soup version 0.28.0-47-ge53b351184 (webtiles) character file.

Game seed: 8663070572072645809

5628 Atelerd the Covert (level 10, -2/63 HPs)
             Began as an Octopode Earth Elementalist on May 10, 2022.
             Slain by a centaur warrior (13 damage)
             ... on level 8 of the Dungeon.
             The game lasted 00:17:34 (7895 turns).

Atelerd the Covert (Octopode Earth Elementalist)    Turns: 7895, Time: 00:17:35

Health: -2/63      AC:  1    Str:  9    XL:     10   Next: 74%
Magic:  18/22      EV: 15    Int: 27    God:
Gold:   381        SH:  0    Dex: 12    Spells: 20/25 levels left

rFire   . . .      SeeInvis .   e - +0 dagger
rCold   . . .      Faith    .   (no shield)
rNeg    . . .      Spirit   .   (helmet restricted)
rPois   .          Reflect  .   (no amulet)
rElec   .          Harm     .   f - +6 ring of intelligence
rCorr   .          Rampage  .   (no ring)
Will    .....                   (no ring)
Stlth   +++++.....              (no ring)
HPRegen 0.20/turn               (no ring)
MPRegen 0.18/turn               (no ring)
                                (no ring)
                                (no ring)

@: no status effects
A: almost no armour, amphibious, 8 rings, camouflage 1, gelatinous body 1,
(nimble swimmer 1), tentacles
a: no special abilities


You were on level 8 of the Dungeon.
You visited 2 branches of the dungeon, and saw 8 of its levels.

You collected 381 gold pieces.

Inventory:

Hand Weapons
 e - a +0 dagger (weapon)
Missiles
 b - 54 stones
 u - 2 throwing nets
Magical Staves
 c - a staff of earth
Jewellery
 f - a +6 ring of intelligence (left tentacle)
Wands
 n - a wand of mindburst (18)
 C - a wand of polymorph (8)
 D - a wand of flame (9)
 G - a wand of charming (6)
Scrolls
 a - 4 scrolls of summoning {unknown}
 i - 2 scrolls of magic mapping {unknown}
 j - a scroll of amnesia {unknown}
 k - 2 scrolls of blinking {unknown}
 m - 2 scrolls of teleportation {unknown}
 q - a scroll of torment {unknown}
 s - a scroll of enchant armour {unknown}
 v - 8 scrolls of identify {unknown}
 w - 3 scrolls of noise {unknown}
 x - a scroll of vulnerability {unknown}
 y - a scroll of fog {unknown}
 A - a scroll of holy word {unknown}
Potions
 d - 5 potions of flight
 h - a potion of invisibility {unknown}
 l - a potion of brilliance {unknown}
 o - a potion of curing {unknown}
 p - 2 potions of degeneration {unknown}
 r - a potion of resistance {unknown}
 t - a potion of haste {unknown}
 z - a potion of attraction {unknown}
 B - a potion of ambrosia {unknown}
 F - a potion of mutation {unknown}
Miscellaneous
 E - a box of beasts


   Skills:
 - Level 3.0 Fighting
 - Level 5.0 Short Blades
 - Level 6.0 Dodging
 - Level 9.0 Stealth
 + Level 8.1 Spellcasting
 - Level 4.0 Transmutations
 - Level 8.0 Earth Magic


You had 20 spell levels left.
You knew the following spells:

 Your Spells              Type           Power      Damage    Failure   Level
a - Sandblast             Erth           100%       2d20      1%          1
p - Petrify               Tmut/Erth      43%        N/A       4%          4

Your spell library contained the following spells:

 Spells                   Type           Power      Damage    Failure   Level
 Passwall                 Tmut/Erth      35%        N/A       1%          2
 Stone Arrow              Conj/Erth      64%        3d11      3%          3
 Foxfire                  Conj/Fire      40%        2x1d6     5%          1
 Freeze                   Ice            40%        1d6       5%          1
 Spider Form              Tmut/Pois      21%        N/A       7%          3
 Ensorcelled Hibernation  Hex/Ice        20%        N/A       8%          2
 Conjure Flame            Conj/Fire      10%        6-21      16%         3
 Frozen Ramparts          Ice            20%        1d4       16%         3
 Inner Flame              Hex/Fire       10%        N/A       16%         3
 Ice Form                 Ice/Tmut       21%        N/A       22%         4
 Anguish                  Hex/Necr       5%         N/A       45%         4
 Flame Wave               Conj/Fire      10%        2d5       45%         4
 Hailstorm                Conj/Ice       10%        3d5       45%         4
 Simulacrum               Ice/Necr       5%         N/A       100%        6


Dungeon Overview and Level Annotations

Branches:
Dungeon (8/15)             Temple (1/1) D:6
   Lair: D:8-11

Altars:
Ashenzari
Cheibriados
Dithmenos
Elyvilon
Fedhas
Gozag
Kikubaaqudgha
Makhleb
Nemelex Xobeh
Okawaru
Qazlal
Ru
Trog
Uskayaw
Vehumet
Wu Jian
Xom
Yredelemnul
Zin
The Shining One

Shops:
D:7 *


Innate Abilities, Weirdness & Mutations

You cannot wear most types of armour.
You are amphibious.
You can wear up to eight rings at the same time.
Your skin changes colour to match your surroundings (Stealth+).
Your rubbery body absorbs attacks. (AC +1, EV +1)
((You are camouflaged when in or above water. (Stealth+)))
You have tentacles for arms and can constrict up to eight enemies at once.


Message History

Gang up on whom?
Press: ? - help, Dir - move target, f - orc priest, p - gargoyle
Aim: an orc priest, wielding a +0 flail and wearing a +0 ring mail Attack!
The orc priest invokes the aid of Beogh against you.
Beogh smites you!
Your gargoyle hurls a stone arrow at the orc priest.
The stone arrow hits the orc priest!
The orc priest dies!
An arrow appears from out of your range of vision.
The arrow hits your gargoyle!
An arrow appears from out of your range of vision.
The arrow hits your gargoyle!
A centaur warrior comes into view. It is wielding a +0 shortbow.
The centaur warrior shoots an arrow.
The arrow hits your gargoyle!
Your gargoyle is destroyed!
You start resting.
A centaur warrior is nearby!
The centaur warrior unwields a +0 shortbow.
The centaur warrior hits you! The centaur warrior kicks you.
Casting: Sandblast (safe; 1% risk of failure)
Confirm with . or Enter, or press ? or * to list all spells.
Aiming: Petrify (dangerous; 4% risk of failure)
Press: ? - help, Shift-Dir - straight line, f - centaur warrior
Aim: a centaur warrior, wearing a +0 robe and quivering arrows (chance to affect: 50%)
The centaur warrior resists with some effort.
The centaur warrior hits you! The centaur warrior kicks you.
The centaur warrior hits you!
* * * LOW HITPOINT WARNING * * *
The centaur warrior misses you.
You feel much better. The centaur warrior hits you!
* * * LOW HITPOINT WARNING * * *
The centaur warrior misses you.
Aiming: Charm
Press: ? - help, Shift-Dir - straight line, f/p - centaur warrior
Aim: a centaur warrior, wearing a +0 robe and quivering arrows (chance to affect: 31%)
The centaur warrior easily resists.
The centaur warrior hits you.
* * * LOW HITPOINT WARNING * * *
The centaur warrior misses you. The centaur warrior hits you!
You die...

#. .. ## ... # ##..## #
###.)...# ###...##
###......# #..c).#..## #
##.@###...# ### #...###..##
###.. ##..#.....# ###....
#.)....#####.'.... ..
##.))###.#...##.). .# #..#
#.#'#...##[..#... .# #..#
###..†.†.).###... .# #..##
#.##.†#..###..... .#
#...########..#......#.....#


You could see a centaur warrior.

Vanquished Creatures
  A two-headed ogre (D:6)
  Pikel (D:5)
  A moth of wrath (shapeshifter) (D:8)
  A kobold demonologist (D:8)
  A yak (D:8)
  A basilisk (D:7)
  A wyvern (D:7)
  Duvessa (D:4)
  An acid dragon (D:7)
  5 water moccasins
  2 orc warriors
  An ice beast (D:7)
  A sky beast (D:8)
  4 ogres (D:6)
  3 centaurs (D:7)
  A phantom (D:7)
  2 kobold brigands
  A gnoll sergeant (D:7)
  A scorpion (D:5)
  4 bullfrogs
  A wyvern zombie (D:6)
  Dowan (D:4)
  4 wights (D:7)
  3 howler monkeys (D:8)
  A bullfrog zombie (D:5)
  3 hounds
  A gnoll shaman (D:7)
  2 orc priests (D:8)
  5 centaur zombies
  A jelly (D:6)
  Crazy Yiuf (D:4)
  2 bullfrog skeletons
  A centaur skeleton (D:5)
  7 orc wizards
  A killer bee zombie (D:7)
  7 gnolls
  4 adders
  2 white imps
  2 ufetubi
  An adder skeleton (D:5)
  A worm (D:5)
  18 orcs
  3 endoplasms (D:4)
  A giant cockroach (D:1)
  6 hobgoblins
  4 jackals
  4 quokkas
  3 ball pythons
  4 frilled lizards
  6 goblins
  12 kobolds
146 creatures vanquished.

Vanquished Creatures (collateral kills)
  An orc priest (D:8)
1 creature vanquished.

Vanquished Creatures (others)
  A gargoyle (D:8)
1 creature vanquished.

Grand Total: 148 creatures vanquished

Notes
Turn   | Place    | Note
-------+----------+-------------------------------------------
     0 | D:1      | Atelerd the Octopode Earth Elementalist began the quest for
                  | the Orb.
     0 | D:1      | Reached XP level 1. HP: 11/11 MP: 3/3
   553 | D:1      | Reached XP level 2. HP: 8/17 MP: 0/5
   833 | D:1      | Found a faded altar of an unknown god.
  1374 | D:2      | Reached XP level 3. HP: 21/21 MP: 3/6
  1435 | D:2      | You fall into a shaft and drop 2 floors!
  1484 | D:4      | Reached XP level 4. HP: 21/27 MP: 6/8
  1658 | D:4      | Noticed Duvessa
  1662 | D:4      | Noticed Dowan
  1672 | D:4      | Killed Duvessa
  1673 | D:4      | Reached XP level 5. HP: 17/32 MP: 3/11
  1712 | D:5      | Entered Level 5 of the Dungeon
  1998 | D:5      | Reached skill level 5 in Earth Magic
  1998 | D:5      | Reached XP level 6. HP: 36/37 MP: 9/12
  2048 | D:5      | Learned a level 4 spell: Petrify
  2073 | D:5      | Noticed a water moccasin
  2078 | D:5      | Killed a water moccasin
  2079 | D:5      | Reached skill level 3 in Stealth
  2230 | D:5      | Noticed Pikel
  2327 | D:4      | Killed Dowan
  2355 | D:4      | Reached skill level 4 in Stealth
  2399 | D:4      | Reached XP level 7. HP: 42/42 MP: 12/14
  2771 | D:4      | Found a runed translucent door.
  2772 | D:4      | Noticed Crazy Yiuf
  2776 | D:4      | Killed Crazy Yiuf
  2920 | D:5      | Killed Pikel
  2921 | D:5      | Reached skill level 6 in Stealth
  2921 | D:5      | Reached skill level 5 in Spellcasting
  2921 | D:5      | Reached skill level 1 in Fighting
  2921 | D:5      | Reached skill level 1 in Short Blades
  2921 | D:5      | Reached XP level 8. HP: 48/48 MP: 7/15
  4131 | D:6      | Noticed a two-headed ogre
  4250 | D:6      | Killed a two-headed ogre
  4251 | D:6      | Reached XP level 9. HP: 20/54 MP: 2/19
  4722 | D:6      | Found a broken altar of Ashenzari.
  5020 | D:6      | Found a staircase to the Ecumenical Temple.
  5026 | Temple   | Entered the Ecumenical Temple
  5286 | D:7      | Reached skill level 7 in Stealth
  5380 | D:7      | Reached skill level 5 in Dodging
  5410 | D:7      | Found Navul's Gadget Gallery.
  5574 | D:7      | Found a shadowy altar of Dithmenos.
  5998 | D:7      | Reached skill level 8 in Stealth
  5998 | D:7      | Reached XP level 10. HP: 63/63 MP: 17/20
  6316 | D:7      | Reached skill level 5 in Short Blades
  6316 | D:7      | Reached skill level 9 in Stealth
  7668 | D:8      | Noticed a kobold demonologist
  7679 | D:8      | Killed a kobold demonologist
  7709 | D:8      | Noticed a moth of wrath
  7715 | D:8      | Killed a moth of wrath
  7860 | D:8      | Identified the +0 leather armour "Xaurghih" {rElec Will+++
                  | Str-4}
  7870 | D:8      | Noticed a gargoyle
  7887 | D:8      | Noticed a centaur warrior
  7895 | D:8      | Slain by a centaur warrior

Illustrated notes

Levels and vault maps discovered:
D:1:      minmay_arrival_four_houses, layout_rooms,
          hellmonk_ecumenical_altar_leap_of_faith
D:2:      layout_basic
D:4:      layout_loops_ring, uniq_crazy_yiuf_cottage, uniq_duvessa
D:5:      layout_loops_ring, uniq_pikel
D:6:      layout_basic, nicolae_ashenzari_panopticon,
          minmay_temple_entry_enclosed_plants, minmay_joined_circles
D:7:      kennysheep_windowed_halls, layout_loops_ring,
          mainiacjoe_overflow_tiny_flanked, nicolae_shop_gadgets
D:8:      minmay_slanted_spiral_squares, layout_layer_cave,
          nicolae_hepliaklqana_monster_ancestors, sigmund_army
Temple:   nicolae_temple_no_exploring_needed

Skill      XL: |  1  2  3  4  5  6  7  8  9 10 |
---------------+-------------------------------+-----
Earth Magic    | 4 5 6 7 8 |  8.0
Spellcasting   | 4 5 6 7 8 |  8.1
Stealth        | 4 6 8 9 |  9.0
Transmutations | 2 4 |  4.0
Fighting       | 1 2 3 |  3.0
Short Blades   | 1 2 4 5 |  5.0
Dodging        | 4 5 6 |  6.0

Action                   |  1- 3 |  4- 6 |  7- 9 | 10-12 || total
-------------------------+-------+-------+-------+-------++-------
Melee: Staff             |    13 |       |     6 |     2 ||    21
       Constrict         |     8 |       |     7 |    12 ||    27
       Tentacles         |     2 |     1 |    12 |    17 ||    32
       Dagger            |     1 |     2 |    25 |    51 ||    79
       Punch             |       |       |     1 |     3 ||     4
 Cast: Sandblast         |    24 |    38 |    89 |    49 ||   200
       Petrify           |       |       |    11 |    19 ||    30
Evoke: Wand              |       |       |       |     3 ||     3
  Use: Potion            |       |     2 |       |     1 ||     3
 Stab: Sleeping          |     2 |     1 |     3 |       ||     6
       Petrified         |       |       |    14 |    15 ||    29
       Petrifying        |       |       |       |     1 ||     1
Armor: Skin              |       |       |     1 |     1 ||     2
Dodge: Dodged            |    18 |    18 |    33 |    39 ||   108
